 Dungeon Crawl Stone Soup version 0.21.1-1-g345015f (webtiles) character file.

112 Flooderbenga the Bolt Thrower (level 4, 22/38 HPs)
             Began as a Ghoul Hunter on Feb 8, 2018.
             Was a Follower of Uskayaw.
             Safely got out of the dungeon.
             The game lasted 00:23:01 (3958 turns).

Flooderbenga the Bolt Thrower (Ghoul Hunter)        Turns: 3958, Time: 00:23:01

Health: 22/38      AC:  3    Str: 15    XL:     4   Next: 93%
Magic:  3/3        EV: 12    Int:  7    God:    Uskayaw [*.....]
Gold:   100        SH:  0    Dex:  9    Spells: 3/3 levels left

rFire    . . .     SeeInvis .   a - +1 hand crossbow
rCold    + . .     Gourm    .   (no shield)
rNeg     + + +     Faith    .   s - +0 robe (curse)
rPois    ∞         Spirit   .   (no helmet)
rElec    .         Reflect  .   r - +0 cloak
rCorr    .         Harm     .   (no gloves)
MR       .....                  (no boots)
Stlth    ++........             (no amulet)
HPRegen  0.12/turn              (no ring)
MPRegen  0.08/turn              (no ring)

@: rotting
A: rotting body, claws 1, carnivore, cold resistance 1, negative energy
resistance 3, inhibited regeneration, torment resistance, unbreathing
a: Stomp, Renounce Religion


You escaped.
You worshipped Uskayaw.
Uskayaw was noncommittal.
You were not hungry.

You visited 1 branch of the dungeon, and saw 4 of its levels.

You collected 100 gold pieces.

Inventory:

Hand Weapons
 a - a +1 hand crossbow (weapon)
 c - a +0 short sword
 q - a +1 hunting sling of flaming
 w - a +0 hunting sling of freezing
Missiles
 d - 46 bolts (quivered)
 n - 121 stones
 p - 4 curare-tipped needles
 z - 18 poisoned needles
Armour
 b - a +0 leather armour
 r - a +0 cloak (worn)
 s - a cursed +0 robe (worn)
Scrolls
 e - a scroll of enchant armour {unknown}
 g - a scroll of amnesia {unknown}
 m - 3 scrolls of teleportation {@r3}
 t - a scroll of fog {unknown}
 u - 2 scrolls of identify {unknown}
 y - a scroll of fear {unknown}
 A - a scroll of remove curse {unknown}
Potions
 h - 2 potions of heal wounds {unknown}
 i - a potion of haste {@q3}
 j - a potion of experience {unknown}
 k - 2 potions of curing {unknown}
 l - a potion of brilliance {unknown}
 o - a potion of flight {unknown}
 B - a potion of berserk rage {unknown}
Books
 v - a book of Misfortune

   Spells                             Type                      Level
   a - Confusing Touch                Hexes                        1
   b - Confuse                        Hexes                        3
   c - Gell's Gravitas                Translocation                3
   d - Petrify                        Transmutation/Earth          4
   e - Metabolic Englaciation         Hexes/Ice                    5
   f - Yara's Violent Unravelling     Hexes/Transmutation          5
Comestibles
 f - 5 rations


   Skills:
 + Level 3.3 Fighting
 - Level 4.1 Crossbows
 - Level 1.7 Dodging
 + Level 2.9 Stealth
 * Level 2.2 Unarmed Combat


You had 3 spell levels left.
You didn't know any spells.

Dungeon Overview and Level Annotations

Branches:
Dungeon (4/15)
 Temple: D:4-7

Altars:
Uskayaw
Yredelemnul


Innate Abilities, Weirdness & Mutations

Your body is rotting away.
You thrive on raw meat.
You are immune to poison.
You have sharp fingernails.
You are carnivorous and can eat meat at any time.
Your flesh is cold resistant. (rC+)
You are immune to negative energy. (rN+++)
You do not regenerate when monsters are visible.
You are immune to unholy pain and torment.
You can survive without breathing.


Message History

Uskayaw says: Revel in the joy of movement!
Welcome back, Flooderbenga the Ghoul Hunter.
Uskayaw says: Revel in the joy of movement!
(D) Dungeon
Where to? (? - help)
What level of the Dungeon? (default 1, ? - help)
There is a stone staircase leading down here.
There is a stone staircase leading up here.
You climb upwards.
There is a stone staircase leading down here.
There is a stone staircase leading up here.
You climb upwards.
There is a stone staircase leading down here.
There is a staircase leading out of the dungeon here.
You regained 5 hp, and now have 21/38 hp.
Unknown command.
Unknown command.
There is a staircase leading out of the dungeon here.
Are you sure you want to leave the Dungeon?
This will make you lose the game!
You have escaped!

#.# #.#.#..#.#.#.#.# #.#.#.#.# #.
#.###.#.#..#.#.#.#.###.#.#.#.###.
......#.#..#.#.#.#...............
#.##..#.#..#.#.#.#.....#.#.#.####
#.###.#.#..#.#.#.#.#####.........
#.....#.#..#.#.#.#.# #########.
.............#.#.#.# #.
###..#..#..#.#.....# #.
.....#..#..#.###@### #.
###.##..#..### #.# #.
###.##..#..# ### #.
.....#..##.###### #.
.....##.##.##...# #.
.....##..#.##...# #.
.....##..#.##...################.
.....##....##....................
.....##.....)#'##################


There were no monsters in sight!

Vanquished Creatures
  5 adders
  4 worms (D:2)
  2 leopard geckos
  2 giant cockroaches
  8 goblins
  7 hobgoblins
  4 jackals (D:2)
  A quokka (D:3)
  3 ball pythons
  6 bats
  5 frilled lizards
  3 kobolds
  3 rats (D:1)
53 creatures vanquished.

Vanquished Creatures (others)
  An ooze (D:3)
  4 orcs (D:3)
  A goblin (D:3)
6 creatures vanquished.

Grand Total: 59 creatures vanquished

Notes
Turn   | Place    | Note
-------+----------+-------------------------------------------
     0 | D:1      | Flooderbenga the Ghoul Hunter began the quest for the Orb.
     0 | D:1      | Reached XP level 1. HP: 17/17 MP: 0/0
   438 | D:1      | Reached XP level 2. HP: 3/24 MP: 1/1
  1713 | D:2      | Reached XP level 3. HP: 16/29 MP: 2/2
  1888 | D:2      | Reached skill level 1 in Unarmed Combat
  1940 | D:2      | Found a hide-covered altar of Uskayaw.
  1949 | D:2      | Reached skill level 4 in Crossbows
  1957 | D:2      | Became a worshipper of Uskayaw the Reveler
  2198 | D:2      | Reached * piety under Uskayaw
  2652 | D:2      | Reached ** piety under Uskayaw
  2679 | D:2      | Reached XP level 4. HP: 23/38 MP: 3/3
  3299 | D:3      | Found a basalt altar of Yredelemnul.
  3580 | D:4      | Noticed a phantom
  3958 | D:$      | Safely got out of the dungeon.

Skill      XL: |  1  2  3  4 |
---------------+-------------+-----
Stealth        | 2 |  2.9
Unarmed Combat | 1 2 |  2.2
Crossbows      | 4 |  4.1
Fighting       | 3 |  3.3
Dodging        | |  1.7

Action                   |  1- 3 |  4- 6 || total
-------------------------+-------+-------++-------
Melee: Unarmed           |   183 |   152 ||   335
       Short sword       |     5 |       ||     5
       Punch             |     2 |     1 ||     3
 Fire: Hand crossbow     |     2 |       ||     2
Throw: Stone             |     2 |     1 ||     3
  Use: Scroll            |     1 |     1 ||     2
       Potion            |     1 |       ||     1
  Eat: Chunk             |    12 |    25 ||    37
Armor: Leather armour    |    55 |       ||    55
       Robe              |     3 |    24 ||    27
Dodge: Dodged            |   126 |   101 ||   227
